[Event "Titled Tuesday Blitz August 02 Early 2022"]
[White "Odegov, Artem"]
[Black "Csonka, Balazs"]
[WhiteFideId "34183644"]
[BlackFideId "742910"]
[WhiteElo "2545"]
[BlackElo "2765"]
[Result "1-0"]
[Round "08"]
[TimeControl "180+1"]
[Date "2022.08.02"]
[WhiteClock "0:00:45"]
[BlackClock "0:00:02"]

1. d4 d5 2. c4 dxc4 3. Nf3 Nf6 4. Nc3 a6 5. a4 Nc6 6. e4 Na5 7. Bg5 h6 8. Bh4 Bg4 9. Be2 Nb3 10. Bxc4 Nxa1 11. Ne5 e6 12. Nxg4 g5 13. Nxf6+ Qxf6 14. Bg3 Qxd4 15. Qxd4 Nc2+ 16. Kf1 Nxd4 17. Be5 Rg8 18. Bxd4 O-O-O 19. Be3 Bg7 20. Ke2 Bd4 21. Rd1 Bxe3 22. Kxe3 Rxd1 23. Nxd1 Kd7 24. Nc3 Ke7 25. f3 Rd8 26. Be2 a5 27. b3 c6 28. Nb1 Kd6 29. Na3 Kc5 30. Nc2 b5 31. Bd3 bxa4 32. bxa4 Rb8 33. Kd2 Rb2 34. Kc3 Rb1 35. h3 Rg1 36. Ne3 Re1 37. Kd2 Rg1 38. Kc3 Re1 39. Ng4 Rg1 40. Nxh6 Rxg2 41. Nxf7 Rg3 42. e5 Rxh3 43. Nxg5 Rh2 44. Nxe6+ Kd5 45. Bc4+ Kxe5 46. Nd4 Kf4 47. Nxc6 Kxf3 48. Nxa5 Kf4 49. Nc6 Rh6 50. Bd5 Rd6 51. Kc4 Rd7 52. a5 Kf5 53. a6 Kf6 54. Kc5 Kf5 55. Bb3 Rg7 56. Kb6 Ke4 57. Be6 Kd3 58. Bc8 Rg1 59. a7 Rb1+ 60. Ka6 Ra1+ 61. Na5 Kc3 62. a8=Q Kb2 63. Qc6 Ra3 64. Qf6+ Ka2 65. Be6+ Kb1 66. Bf5+ Ka2 67. Qe6+ Kb2 68. Qe5+ Ka2 69. Qe2+ Ka1 70. Qd1+ Kb2 71. Qd2+ Ka1 72. Qc1+ Ka2 73. Qb1# 1-0


[Site "https://www.chess.com"]

[Event "Titled Tuesday Blitz August 02 Early 2022"]
[White "Ohanyan, Emin"]
[Black "Cruz, Jonathan"]
[WhiteFideId "13312022"]
[BlackFideId "3802124"]
[WhiteElo "2868"]
[BlackElo "2678"]
[Result "0-1"]
[Round "08"]
[TimeControl "180+1"]
[Date "2022.08.02"]
[WhiteClock "0:00:01"]
[BlackClock "0:00:05"]

1. e4 e5 2. Nc3 Nf6 3. Bc4 Nc6 4. d3 Be7 5. f4 d6 6. Nf3 Bg4 7. h3 Bxf3 8. Qxf3 Nd4 9. Qf2 c6 10. O-O b5 11. Bb3 Nxb3 12. axb3 a6 13. Qg3 exf4 14. Qxg7 Rg8 15. Qh6 Qb6+ 16. Kh1 O-O-O 17. Qxf4 Kb7 18. Be3 Qc7 19. Qf3 Rg6 20. e5 dxe5 21. Nxb5 Qd7 22. Nc3 Rdg8 23. Ne4 Rxg2 24. Qxg2 Rxg2 25. Kxg2 Nd5 26. Bd2 f5 27. Ng3 f4 28. Ne4 Qf5 29. Rf3 Qg6+ 30. Kh1 Qh5 31. Kg2 Qg6+ 32. Kh2 Bh4 33. Rg1 Qh5 34. Rg4 Be7 35. Kg2 Kc7 36. c4 Nb6 37. Rg7 Nc8 38. Bb4 Qh6 39. Ba5+ Kd7 40. Rg4 Qe6 41. Rf1 Qf7 42. Kh2 h5 43. Rg2 Nd6 44. Bc3 Nf5 45. Bxe5 Ne3 46. Rxf4 Qe6 47. Rg7 Qxe5 48. Rf7 Nc2 49. Kg1 Ke8 50. R7f5 Qd4+ 51. Kh2 Ne3 52. Rxh5 Qxb2+ 53. Kg3 Qg2# 0-1


[Site "https://www.chess.com"]

[Event "Titled Tuesday Blitz August 02 Early 2022"]
[White "Piesik, Piotr"]
[Black "Bryakin, Mikhail"]
[WhiteFideId "1136194"]
[BlackFideId "4165314"]
[WhiteElo "2242"]
[BlackElo "2422"]
[Result "1-0"]
[Round "08"]
[TimeControl "180+1"]
[Date "2022.08.02"]
[WhiteClock "0:00:49"]
[BlackClock "0:00:03"]

1. Nf3 g6 2. g3 Bg7 3. d4 Nf6 4. Bg2 O-O 5. O-O d5 6. c4 c6 7. Qb3 Qb6 8. Nc3 dxc4 9. Qxc4 Be6 10. Qa4 a5 11. e4 Qb4 12. Qc2 Na6 13. Be3 Rfd8 14. h3 Rac8 15. Rfd1 Nc7 16. Ng5 Bc4 17. b3 Be6 18. Nxe6 fxe6 19. a3 Qb6 20. d5 Qa6 21. Bf1 b5 22. dxe6 Qb7 23. Rxd8+ Rxd8 24. Rd1 Nxe6 25. Rxd8+ Nxd8 26. e5 Nd7 27. f4 Ne6 28. Ne4 Nb6 29. Nc5 Nxc5 30. Bxc5 Nd5 31. Qe4 e6 32. h4 Bf8 33. Bxf8 Kxf8 34. Qd4 b4 35. Qc5+ Qe7 36. axb4 Qxc5+ 37. bxc5 Ke7 38. Kf2 Nc3 39. Ke3 Nd5+ 40. Kd4 Kd7 41. Bc4 Nb4 42. g4 Nc2+ 43. Ke4 Nb4 44. f5 gxf5+ 45. gxf5 exf5+ 46. Kxf5 Ke7 47. Kg5 Nc2 48. Bg8 1-0


[Site "https://www.chess.com"]

[Event "Titled Tuesday Blitz August 02 Early 2022"]
[White "Ponce Cano, Adrian"]
[Black "Munkhgal, Gombosuren"]
[WhiteFideId "22296913"]
[BlackFideId "4901266"]
[WhiteElo "2261"]
[BlackElo "2576"]
[Result "1-0"]
[Round "08"]
[TimeControl "180+1"]
[Date "2022.08.02"]
[WhiteClock "0:00:16"]
[BlackClock "0:00:02"]

1. e4 d6 2. Nf3 Nf6 3. c3 g6 4. Be2 Bg7 5. O-O O-O 6. Qc2 e5 7. d4 Nc6 8. d5 Ne7 9. c4 Nd7 10. Nc3 f5 11. b4 a5 12. b5 Nc5 13. Nd2 f4 14. f3 g5 15. Nb3 b6 16. Nxc5 bxc5 17. Rb1 h5 18. Qd1 Ng6 19. Na4 Bd7 20. Bd2 Kh7 21. Qe1 g4 22. a3 Rg8 23. Kh1 Bh6 24. Rd1 Nh4 25. g3 Nxf3 26. Bxf3 gxf3 27. gxf4 Bh3 28. fxe5 Bg2+ 29. Kg1 Bxf1+ 30. Kxf1 Bxd2 31. Rxd2 Qg5 32. Qf2 Raf8 33. Ke1 Qg1+ 34. Qf1 Qxf1+ 35. Kxf1 Rg4 36. exd6 cxd6 37. b6 Rxe4 38. Rc2 Re3 39. b7 Rb3 40. Nc3 Rxb7 41. Nb5 Rd7 42. Rc3 h4 43. Kf2 Kg6 44. Re3 Kg5 45. Re6 Kh5 46. Nxd6 Rg7 47. Re5+ Kg4 48. Re4+ Kh3 49. Nf5 Rg2+ 50. Kf1 Rxf5 51. Re3 Rd2 52. d6 Kxh2 53. Re4 Kg3 54. Re3 Rd1+ 55. Re1 Rxe1+ 56. Kxe1 Re5+ 57. Kf1 1-0


[Site "https://www.chess.com"]

[Event "Titled Tuesday Blitz August 02 Early 2022"]
[White "Pranav Anand"]
[Black "Hebden, Mark L"]
[WhiteFideId "46626786"]
[BlackFideId "400084"]
[WhiteElo "2804"]
[BlackElo "2549"]
[Result "1-0"]
[Round "08"]
[TimeControl "180+1"]
[Date "2022.08.02"]
[WhiteClock "0:00:49"]
[BlackClock "0:01:12"]

1. Nf3 Nf6 2. g3 g6 3. Bg2 Bg7 4. O-O O-O 5. b3 Ne4 6. d4 c5 7. Bb2 Nc6 8. Nbd2 d5 9. c3 Nxd2 10. Qxd2 cxd4 11. cxd4 Bf5 12. Rac1 Rc8 13. Ne5 Qd6 14. Nxc6 Rxc6 15. Rxc6 Qxc6 16. Rc1 Qd7 17. Qa5 Be4 18. Qxa7 Bxg2 19. Kxg2 h5 20. h4 Qe6 21. e3 Qe4+ 22. Kg1 g5 23. hxg5 h4 24. gxh4 Qg4+ 25. Kf1 Qxh4 26. Qxb7 Qxg5 27. Qd7 e6 28. a4 Qf5 29. Qb5 Qh3+ 30. Ke1 Qh1+ 31. Qf1 Qe4 32. Qb5 Qh1+ 33. Kd2 Qf3 34. Qe2 Qf5 35. Bc3 Ra8 36. a5 e5 37. dxe5 Bxe5 38. Bxe5 Qxe5 39. Qg4+ Kf8 40. Rc8+ Rxc8 41. Qxc8+ Kg7 42. Qc3 1-0


[Site "https://www.chess.com"]

[Event "Titled Tuesday Blitz August 02 Early 2022"]
[White "Quirke, Jeffrey"]
[Black "Ajay, Karthikeyan"]
[WhiteFideId "2013029"]
[BlackFideId "35011685"]
[WhiteElo "2236"]
[BlackElo "2183"]
[Result "0-1"]
[Round "08"]
[TimeControl "180+1"]
[Date "2022.08.02"]
[WhiteClock "0:00:02"]
[BlackClock "0:00:03"]

1. d4 Nf6 2. c4 g6 3. Nc3 Bg7 4. e4 d6 5. Be2 O-O 6. Nf3 e5 7. O-O Nc6 8. Be3 Ng4 9. Bg5 f6 10. Bh4 g5 11. Bg3 Nh6 12. dxe5 dxe5 13. c5 Be6 14. Qa4 a6 15. Rad1 Qe7 16. b4 Rfd8 17. Nd5 Qf7 18. Bc4 Kh8 19. Qb3 g4 20. Nh4 Nd4 21. Rxd4 exd4 22. f4 c6 23. Nb6 Bxc4 24. Nxc4 f5 25. e5 d3 26. Nd6 Qxb3 27. axb3 Bf8 28. Rd1 a5 29. bxa5 Rxa5 30. Bf2 Bxd6 31. cxd6 Rd5 32. b4 Kg8 33. Bc5 Kf7 34. Kf2 Ke6 35. Ke3 Nf7 36. Rxd3 Rxd3+ 37. Kxd3 Ra8 38. Nxf5 Kxf5 39. d7 Rd8 0-1


[Site "https://www.chess.com"]

[Event "Titled Tuesday Blitz August 02 Early 2022"]
[White "Saydaliev, Saidakbar"]
[Black "Khripachenko, Alexander"]
[WhiteFideId "14203693"]
[BlackFideId "54184975"]
[WhiteElo "2265"]
[BlackElo "2147"]
[Result "0-1"]
[Round "08"]
[TimeControl "180+1"]
[Date "2022.08.02"]
[WhiteClock "0:00:03"]
[BlackClock "0:02:02"]

1. e4 c6 2. Nf3 d5 3. Nc3 dxe4 4. Nxe4 Nf6 5. Qe2 Nxe4 6. Qxe4 Qa5 7. Bc4 Bf5 8. Qe2 Nd7 9. c3 e6 10. d4 Be7 11. h3 O-O 12. O-O Rad8 13. b4 Qc7 14. a4 a5 15. Ba3 axb4 16. Bxb4 Bxb4 17. cxb4 Nb6 18. Bb3 Nd5 19. b5 cxb5 20. Qxb5 Nc3 21. Qe5 Qxe5 22. dxe5 Be4 23. Ng5 Bc6 24. Rfe1 Rd2 25. a5 h6 26. Nf3 Bxf3 27. gxf3 Rc8 28. Kg2 Nb5 29. Rec1 Rxc1 30. Rxc1 Nd4 31. Rc8+ Kh7 32. Bc4 Nf5 33. Rb8 Ne3+ 34. Kg3 Nxc4 35. Rxb7 Nxe5 36. a6 Ra2 37. a7 g5 38. h4 Ra3 39. hxg5 hxg5 40. Kg2 Kg6 0-1


[Site "https://www.chess.com"]

[Event "Titled Tuesday Blitz August 02 Early 2022"]
[White "Sevian, Samuel"]
[Black "Andreikin, Dmitry"]
[WhiteFideId "2040506"]
[BlackFideId "4158814"]
[WhiteElo "3035"]
[BlackElo "3130"]
[Result "1-0"]
[Round "08"]
[TimeControl "180+1"]
[Date "2022.08.02"]
[WhiteClock "0:00:51"]
[BlackClock "0:01:30"]

1. e4 e5 2. Nf3 Nf6 3. d4 Nxe4 4. Bd3 d5 5. Nxe5 Nd7 6. Nxd7 Bxd7 7. O-O Bd6 8. Nc3 Nxc3 9. bxc3 O-O 10. Qh5 f5 11. Re1 c6 12. Bg5 Qc7 13. Re3 Be8 14. Qh4 Bg6 15. Rae1 Qd7 16. c4 dxc4 17. Bxc4+ Bf7 18. Rh3 Bxc4 19. Qxh7+ Kf7 20. Rh6 Bxh2+ 21. Kxh2 Qxd4 22. Re7# 1-0


[Site "https://www.chess.com"]

[Event "Titled Tuesday Blitz August 02 Early 2022"]
[White "Shimanov, Aleksandr"]
[Black "Srihari L R"]
[WhiteFideId "4198603"]
[BlackFideId "46617116"]
[WhiteElo "2929"]
[BlackElo "2751"]
[Result "1-0"]
[Round "08"]
[TimeControl "180+1"]
[Date "2022.08.02"]
[WhiteClock "0:00:06"]
[BlackClock "0:00:01"]

1. e4 c5 2. Nf3 d6 3. d4 cxd4 4. Qxd4 Nc6 5. Bb5 Bd7 6. Qd3 Nf6 7. Bg5 Nb4 8. Bxd7+ Qxd7 9. Qe2 Qc6 10. Nc3 e6 11. Bxf6 gxf6 12. O-O Qb6 13. Rfd1 a6 14. Nd5 Nxd5 15. exd5 e5 16. Nh4 Rc8 17. c4 Rg8 18. Rac1 Qc7 19. Qe4 h5 20. h3 Qd7 21. Nf5 h4 22. g4 hxg3 23. fxg3 Bh6 24. Rc2 Bf4 25. g4 b6 26. b3 Kf8 27. Kg2 Rh8 28. Rf1 Bg5 29. Ng3 a5 30. a4 Ke7 31. Nf5+ Kd8 32. Rf3 Kc7 33. Qe1 Rcg8 34. Qe4 Bf4 35. Kf1 Rg5 36. Rg2 Rgg8 37. Rgf2 Kb7 38. Ke2 Qc7 39. Kf1 Ka7 40. Kg2 Qd7 41. Rxf4 exf4 42. Qxf4 Rd8 43. Nd4 Qe7 44. Nc6+ 1-0


[Site "https://www.chess.com"]

[Event "Titled Tuesday Blitz August 02 Early 2022"]
[White "Subaste, Arman"]
[Black "Papasimakopoulos, Alexandros"]
[WhiteFideId "5221080"]
[BlackFideId "4244125"]
[WhiteElo "1856"]
[BlackElo "2340"]
[Result "1-0"]
[Round "08"]
[TimeControl "180+1"]
[Date "2022.08.02"]
[WhiteClock "0:01:07"]
[BlackClock "0:01:12"]

1. d4 e6 2. Nf3 Nf6 3. g3 b5 4. Bg2 Bb7 5. O-O c5 6. a4 b4 7. c3 Na6 8. Re1 Be7 9. Be3 O-O 10. dxc5 bxc3 11. Nxc3 Nxc5 12. b4 Nce4 13. Nxe4 Bxe4 14. b5 Nd5 15. Bd4 a6 16. Nd2 Bxg2 17. Kxg2 axb5 18. axb5 Rb8 19. e4 Nf6 20. b6 d5 21. Rb1 Nxe4 22. Nxe4 dxe4 23. b7 Qd5 24. Ba7 Qc6 25. Bxb8 Rxb8 26. Qc1 Bc5 27. Re3 f5 28. Rc3 e3+ 29. f3 Rxb7 30. Rxc5 Qxc5 31. Qxc5 Rxb1 32. Qxe3 Kf7 33. Qa7+ Kf6 34. h4 Rb2+ 35. Kh3 Rb3 36. Qa8 Kf7 37. h5 h6 38. Qa7+ Kf6 39. Qd4+ Kf7 40. Qf4 Rb7 41. g4 Rb5 42. g5 hxg5 43. Qxg5 Re5 44. Qg6+ Kf8 45. h6 gxh6 46. Qf6+ 1-0


[Site "https://www.chess.com"]

[Event "Titled Tuesday Blitz August 02 Early 2022"]
[White "Swiercz, Dariusz"]
[Black "Aradhya, Garg"]
[WhiteFideId "1126881"]
[BlackFideId "25006746"]
[WhiteElo "2911"]
[BlackElo "2675"]
[Result "0-1"]
[Round "08"]
[TimeControl "180+1"]
[Date "2022.08.02"]
[WhiteClock "0:00:02"]
[BlackClock "0:00:13"]

1. Nf3 d5 2. d4 Nf6 3. Bf4 c5 4. c3 Nc6 5. e3 Qb6 6. Qc1 Bf5 7. Nbd2 e6 8. Be2 Rc8 9. O-O h6 10. h3 Be7 11. Nb3 c4 12. Nbd2 Qd8 13. Bd1 O-O 14. Bc2 b5 15. Qb1 Bxc2 16. Qxc2 Bd6 17. Bxd6 Qxd6 18. e4 dxe4 19. Nxe4 Qe7 20. Rfe1 Rfd8 21. Nxf6+ Qxf6 22. Ne5 Ne7 23. Re3 Qf5 24. Qe2 Rf8 25. Re1 Rce8 26. Rf3 Qh7 27. Nd7 Nd5 28. Nxf8 Rxf8 29. h4 Qg6 30. Qe5 Qc2 31. Rg3 g6 32. Re2 Qc1+ 33. Kh2 Qf4 34. Qxf4 Nxf4 35. Rd2 Rb8 36. Rf3 Nd5 37. a3 a5 38. Rc2 Kg7 39. Kg1 b4 40. cxb4 axb4 41. Rxc4 bxa3 42. bxa3 Rb1+ 43. Kh2 Rd1 44. Ra4 f5 45. Rb3 Kf6 46. Rb8 g5 47. h5 g4 48. Rg8 Nf4 49. Raa8 Rxd4 50. Raf8+ Ke5 51. Rd8 Ra4 52. Ra8 Re4 53. Ra5+ Kf6 54. g3 Nxh5 55. Rg6+ Kxg6 0-1


[Site "https://www.chess.com"]

[Event "Titled Tuesday Blitz August 02 Early 2022"]
[White "Szpar, Milosz"]
[Black "Cappelletto, Joshuaede"]
[WhiteFideId "1184989"]
[BlackFideId "2824383"]
[WhiteElo "2422"]
[BlackElo "1761"]
[Result "1-0"]
[Round "08"]
[TimeControl "180+1"]
[Date "2022.08.02"]
[WhiteClock "0:00:16"]
[BlackClock "0:00:24"]

1. Nf3 g6 2. c4 Bg7 3. Nc3 c5 4. d4 cxd4 5. Nxd4 Nc6 6. Nc2 Nf6 7. e4 O-O 8. Be2 d6 9. O-O Be6 10. Bd2 Rc8 11. Rb1 a6 12. Ne3 Nd4 13. Bd3 b5 14. b3 Nd7 15. cxb5 Ne5 16. Be1 Nxd3 17. Qxd3 axb5 18. Nxb5 Nxb5 19. Qxb5 Rb8 20. Qd3 Qb6 21. Bc3 Bxc3 22. Qxc3 Rfc8 23. Qb2 Rc5 24. h3 Qb7 25. Qd4 Rbc8 26. b4 Rc3 27. a4 Ra3 28. Ra1 Rb3 29. Rfb1 Rcc3 30. Rxb3 Rxb3 31. b5 Qc7 32. Qd2 Qc5 33. Nd5 Kf8 34. Rc1 Qa3 35. Rc7 Qxa4 36. Qh6+ Kg8 37. Rc8+ Bxc8 38. Nxe7+ Kh8 39. Nxg6+ fxg6 40. Qf8# 1-0


[Site "https://www.chess.com"]

[Event "Titled Tuesday Blitz August 02 Early 2022"]
[White "Vachylia, Andrii"]
[Black "Vakhlamov, Igor L."]
[WhiteFideId "14137224"]
[BlackFideId "24126748"]
[WhiteElo "2318"]
[BlackElo "2401"]
[Result "0-1"]
[Round "08"]
[TimeControl "180+1"]
[Date "2022.08.02"]
[WhiteClock "0:00:12"]
[BlackClock "0:00:31"]

1. e4 c5 2. Nf3 Nc6 3. Bb5 Nf6 4. Bxc6 dxc6 5. d3 Bg4 6. h3 Bh5 7. Bf4 Nd7 8. g4 Bg6 9. Nbd2 e6 10. Qe2 Be7 11. O-O-O Qa5 12. Kb1 b5 13. e5 O-O-O 14. Ne4 Rhe8 15. Nfd2 Qa4 16. Bg3 Nb6 17. h4 h6 18. h5 Bh7 19. Bh4 Bxh4 20. Rxh4 c4 21. dxc4 Bxe4 22. Nxe4 Nxc4 23. Nd6+ Nxd6 24. exd6 Qf4 25. Qd3 Rd7 26. Qa3 Kb7 27. Rh3 Red8 28. Rhd3 Qxg4 29. Qc5 Qf5 30. Qc3 Qxh5 31. a4 a6 32. axb5 axb5 33. Qxg7 Qf5 34. Qxh6 Qxf2 35. Qg5 Ra8 36. Qe5 Qa7 37. b3 Qa2+ 38. Kc1 Qa1+ 39. Qxa1 Rxa1+ 40. Kd2 Rxd1+ 41. Kxd1 c5 42. Kd2 Kc6 43. Kc3 Rxd6 44. Rf3 f5 45. Re3 Kd5 46. Rd3+ Ke5 47. Rh3 Rd4 48. Rh8 b4+ 49. Kb2 f4 50. Rc8 Kd5 51. Rd8+ Ke4 52. Rc8 Rd5 53. c4 bxc3+ 54. Kxc3 f3 55. Kc4 f2 56. Rf8 Rf5 57. Rf6 Rxf6 0-1


[Site "https://www.chess.com"]

[Event "Titled Tuesday Blitz August 02 Early 2022"]
[White "Volkov, Maksim"]
[Black "Livaic, Leon"]
[WhiteFideId "54123070"]
[BlackFideId "14531534"]
[WhiteElo "2610"]
[BlackElo "2832"]
[Result "0-1"]
[Round "08"]
[TimeControl "180+1"]
[Date "2022.08.02"]
[WhiteClock "0:00:38"]
[BlackClock "0:01:54"]

1. d4 e6 2. c4 d5 3. Nf3 Nf6 4. g3 Be7 5. Bg2 O-O 6. O-O Nbd7 7. Nbd2 c6 8. Qc2 b6 9. e4 dxc4 10. Nxc4 Bb7 11. Bg5 c5 12. e5 Nd5 13. Bxe7 Qxe7 14. Nd6 Ba6 15. Rfe1 cxd4 16. Nxd4 Nxe5 17. N6f5 Qf6 18. Bxd5 exd5 19. Rad1 g6 20. Nh4 Rac8 21. Qa4 Nd3 22. Re2 Nc5 0-1


[Site "https://www.chess.com"]

[Event "Titled Tuesday Blitz August 02 Early 2022"]
[White "Vovk, Orest"]
[Black "Clarke, Brandon G I"]
[WhiteFideId "14113490"]
[BlackFideId "400319"]
[WhiteElo "2203"]
[BlackElo "2414"]
[Result "0-1"]
[Round "08"]
[TimeControl "180+1"]
[Date "2022.08.02"]
[WhiteClock "0:00:06"]
[BlackClock "0:00:24"]

1. h3 e5 2. g4 d5 3. Bg2 c6 4. d4 e4 5. c4 Ne7 6. Nc3 Be6 7. Qb3 Qd7 8. Bf4 Ng6 9. Bg3 h5 10. e3 hxg4 11. cxd5 cxd5 12. hxg4 Rxh1 13. Bxh1 Nc6 14. Bxe4 dxe4 15. d5 Bxg4 16. dxc6 Qxc6 17. Nge2 Bxe2 18. Nxe2 Ne7 19. Rc1 Qd5 20. Rc7 Qxb3 21. axb3 b6 22. Nd4 Nd5 23. Rb7 a6 24. Ke2 g6 25. Bc7 Bc5 26. b4 Bxd4 27. exd4 b5 28. Bd6 Rc8 29. Bc5 Rc6 30. Ra7 f5 31. Rg7 Re6 32. f3 e3 33. Rh7 Nf4+ 34. Ke1 e2 35. Kf2 e1=Q# 0-1


[Site "https://www.chess.com"]

[Event "Titled Tuesday Blitz August 02 Early 2022"]
[White "Wu, Derek"]
[Black "Malyi, Viacheslav"]
[WhiteFideId "30914558"]
[BlackFideId "14123983"]
[WhiteElo "2071"]
[BlackElo "2210"]
[Result "1/2-1/2"]
[Round "08"]
[TimeControl "180+1"]
[Date "2022.08.02"]
[WhiteClock "0:00:03"]
[BlackClock "0:00:07"]

1. e4 e5 2. Nf3 Nc6 3. Bb5 a6 4. Ba4 Nf6 5. O-O b5 6. Bb3 Be7 7. d3 d6 8. a4 Rb8 9. axb5 axb5 10. Nc3 O-O 11. h3 Nd4 12. Nxd4 exd4 13. Nd5 Nxd5 14. Bxd5 Be6 15. Bxe6 fxe6 16. Qg4 Qd7 17. f4 Ra8 18. Bd2 Bf6 19. Qe2 e5 20. f5 Qc6 21. Rxa8 Rxa8 22. Rc1 Ra2 23. g4 h6 24. Qe1 Rxb2 25. h4 Rxc2 26. g5 Rxc1 27. Bxc1 hxg5 28. hxg5 Be7 29. Qd1 Kf8 30. Bd2 Ke8 31. Qh5+ Kd7 32. Kf2 d5 33. f6 gxf6 34. g6 Qc2 35. Ke2 dxe4 36. Qf5+ Ke8 37. dxe4 Bb4 38. Qe6+ Kd8 39. Qd5+ Kc8 40. Qa8+ Kd7 41. Qd5+ Kc8 42. Qa8+ Kd7 43. Qd5+ Kc8 1/2-1/2


[Site "https://www.chess.com"]

[Event "Titled Tuesday Blitz August 02 Early 2022"]
[White "Xiong, Jeffery"]
[Black "Gareyev, Timur"]
[WhiteFideId "2047640"]
[BlackFideId "14200937"]
[WhiteElo "2996"]
[BlackElo "2874"]
[Result "1-0"]
[Round "08"]
[TimeControl "180+1"]
[Date "2022.08.02"]
[WhiteClock "0:00:42"]
[BlackClock "0:00:01"]

1. d4 d6 2. Nf3 Bf5 3. Nc3 Nf6 4. e4 Nxe4 5. Qd3 d5 6. Qb5+ Nd7 7. Nxd5 c6 8. Nc7+ Qxc7 9. Qxf5 Ndf6 10. Bd3 e6 11. Qf4 Bb4+ 12. c3 Bd6 13. Ne5 Nc5 14. dxc5 Bxe5 15. Qf3 O-O 16. Be3 Nd5 17. Qe4 f5 18. Qc4 b5 19. cxb6 axb6 20. Qb3 Nxe3 21. Qxe6+ Kh8 22. fxe3 Rae8 23. Qb3 Bf4 24. O-O-O Bxe3+ 25. Kb1 b5 26. g3 g6 27. Rhe1 f4 28. c4 f3 29. cxb5 f2 30. Qc3+ Qe5 31. Rf1 cxb5 32. Bxb5 Qxc3 33. bxc3 Re5 34. a4 Bb6 35. Kc2 Rf3 36. Rd6 Ba5 37. Rd3 Rxd3 38. Bxd3 Bb6 39. Rb1 Ba7 40. Rb7 Bc5 41. a5 Re1 42. Rf7 Kg8 43. Bc4 1-0


[Site "https://www.chess.com"]

[Event "Titled Tuesday Blitz August 02 Early 2022"]
[White "Ajay, Karthikeyan"]
[Black "Mardov, Dimitar"]
[WhiteFideId "35011685"]
[BlackFideId "30919495"]
[WhiteElo "2183"]
[BlackElo "2185"]
[Result "1-0"]
[Round "09"]
[TimeControl "180+1"]
[Date "2022.08.02"]
[WhiteClock "0:00:21"]
[BlackClock "0:00:15"]

1. e4 e5 2. Nf3 Nc6 3. Bc4 Nf6 4. Ng5 d5 5. exd5 Na5 6. Bb5+ c6 7. dxc6 bxc6 8. Bd3 Nd5 9. Nf3 Bd6 10. O-O O-O 11. Nc3 f5 12. Be2 e4 13. Nxd5 cxd5 14. Nd4 f4 15. f3 Bc5 16. c3 Nc6 17. Kh1 Nxd4 18. cxd4 Bxd4 19. fxe4 dxe4 20. d3 e3 21. Qb3+ Kh8 22. Bf3 Bf5 23. Bxa8 Qxa8 24. Rxf4 e2 25. Bd2 Bh3 26. Qd5 Qe8 27. Qxd4 1-0


[Site "https://www.chess.com"]

[Event "Titled Tuesday Blitz August 02 Early 2022"]
[White "Aldokhin, Ivan"]
[Black "Rangel, Daniel"]
[WhiteFideId "24115720"]
[BlackFideId "2124475"]
[WhiteElo "2246"]
[BlackElo "2225"]
[Result "1-0"]
[Round "09"]
[TimeControl "180+1"]
[Date "2022.08.02"]
[WhiteClock "0:00:07"]
[BlackClock "0:00:15"]

1. e4 c5 2. Nf3 g6 3. d4 cxd4 4. Nxd4 Bg7 5. Nc3 Nc6 6. Be3 Nf6 7. Bc4 O-O 8. Bb3 Re8 9. h3 e6 10. O-O d5 11. exd5 Nxd5 12. Nxd5 exd5 13. Qd2 Na5 14. Rad1 Nc4 15. Bxc4 dxc4 16. Qb4 Qb6 17. Nb5 Qc6 18. Rd6 a5 19. Qa4 Qe4 20. Nc7 Bf5 21. Nxa8 Rxa8 22. Rfd1 Bxb2 23. Bh6 f6 24. Rd8+ Rxd8 25. Rxd8+ Kf7 26. Rf8+ Ke7 27. Re8+ Kd6 28. Rxe4 Bxe4 29. Qxc4 Bd5 30. Bf4+ Be5 31. Bxe5+ Kxe5 32. Qc5 Ke6 33. Qxa5 h5 34. Qb6+ Bc6 35. Qd4 Kf5 36. f3 g5 37. Kf2 h4 38. Qd3+ Ke5 39. Qc3+ Ke6 40. a3 Kf5 41. Qb4 Ke6 42. a4 Kf7 43. a5 Bd5 44. Qc5 Ke6 45. c4 Bc6 46. a6 1-0


[Site "https://www.chess.com"]

[Event "Titled Tuesday Blitz August 02 Early 2022"]
[White "Andreikin, Dmitry"]
[Black "Le, Tuan Minh"]
[WhiteFideId "4158814"]
[BlackFideId "12401153"]
[WhiteElo "2736"]
[BlackElo "2530"]
[Result "1-0"]
[Round "09"]
[TimeControl "180+1"]
[Date "2022.08.02"]
[WhiteClock "0:01:14"]
[BlackClock "0:00:05"]

1. d4 d5 2. c4 c6 3. Nf3 Nf6 4. Qc2 dxc4 5. e4 Bg4 6. Bxc4 e6 7. Be3 Nbd7 8. Nc3 Be7 9. Ne5 Bh5 10. O-O O-O 11. h3 Nxe5 12. dxe5 Nd7 13. f4 h6 14. Qf2 Bg6 15. Rad1 Qe8 16. Qg3 Kh8 17. f5 exf5 18. exf5 Bh7 19. Ne4 Bb4 20. Bd4 c5 21. Nd6 Qd8 22. f6 gxf6 23. exf6 Bg6 24. Bxf7 Rxf7 1-0


[Site "https://www.chess.com"]

[Event "Titled Tuesday Blitz August 02 Early 2022"]
[White "Aradhya, Garg"]
[Black "Xiong, Jeffery"]
[WhiteFideId "25006746"]
[BlackFideId "2047640"]
[WhiteElo "2203"]
[BlackElo "2714"]
[Result "1-0"]
[Round "09"]
[TimeControl "180+1"]
[Date "2022.08.02"]
[WhiteClock "0:00:27"]
[BlackClock "0:00:01"]

1. d4 g6 2. Nf3 Bg7 3. e4 a6 4. Bd3 d6 5. O-O Nc6 6. c3 e5 7. dxe5 Nxe5 8. Nxe5 Bxe5 9. Nd2 Bg7 10. Nf3 Nf6 11. e5 dxe5 12. Nxe5 O-O 13. Bc4 Be6 14. Bxe6 fxe6 15. Qxd8 Raxd8 16. Bg5 Rd5 17. Bxf6 Bxf6 18. Nf3 g5 19. h3 h5 20. Rfe1 Kf7 21. Re4 Rfd8 22. Rae1 R8d6 23. Rc4 c5 24. Rce4 b5 25. a4 c4 26. axb5 axb5 27. g4 hxg4 28. hxg4 Bd8 29. Kg2 Bb6 30. Rh1 Kg6 31. Rh8 Bd8 32. Rg8+ Kf7 33. Rh8 Kg7 34. Rh1 Bf6 35. Rb1 Ra6 36. b3 cxb3 37. Rxb3 Rc6 38. Reb4 Rcc5 39. Nd4 Bxd4 40. cxd4 Rc4 41. Rxb5 Rcxd4 42. Rxd5 exd5 43. Kg3 Rd1 44. Rb6 d4 45. Kf3 d3 46. Rd6 1-0


[Site "https://www.chess.com"]

[Event "Titled Tuesday Blitz August 02 Early 2022"]
[White "Begunov, Konstantin"]
[Black "Perera Alfonso, Rene Humberto"]
[WhiteFideId "4118510"]
[BlackFideId "3514722"]
[WhiteElo "2262"]
[BlackElo "2313"]
[Result "1-0"]
[Round "09"]
[TimeControl "180+1"]
[Date "2022.08.02"]
[WhiteClock "0:00:19"]
[BlackClock "0:00:19"]

1. d4 d5 2. c4 c6 3. Nc3 Nf6 4. Nf3 dxc4 5. a4 Bf5 6. e3 e6 7. Bxc4 Bb4 8. O-O Nbd7 9. Nh4 Bg4 10. Qb3 a5 11. f3 Nd5 12. g3 Bh3 13. Ng2 N5b6 14. Be2 h5 15. e4 h4 16. g4 e5 17. Be3 exd4 18. Bxd4 Nc5 19. Qd1 O-O 20. Rf2 Bxg2 21. Kxg2 Ne6 22. Be3 Bc5 23. Qc1 Bxe3 24. Qxe3 Qc7 25. e5 Rad8 26. f4 Nd5 27. Qe4 Ndxf4+ 28. Rxf4 Rd4 29. Qxd4 Nxd4 30. Rxd4 Qxe5 31. Re4 Qg5 32. Bc4 Rd8 33. Rf1 Rd2+ 34. Kh3 Rd7 35. Ref4 Qc5 36. Bxf7+ Kh7 37. g5 Qxg5 38. Rxh4+ Qxh4+ 39. Kxh4 Rd4+ 40. Kg3 Rb4 41. Rf2 g5 42. Be6 Kh6 43. Bg4 b5 44. h3 bxa4 45. Bd1 a3 46. b3 Rd4 47. Rc2 c5 48. Kg2 c4 49. bxc4 Rxc4 50. Kf2 Rh4 51. Bg4 Kg7 52. Ra2 Rh8 53. Rxa3 Rf8+ 54. Ke3 Re8+ 55. Ne4 Re5 56. Rc3 Kf8 57. Rc5 Re7 58. Rxg5 Ra7 59. Rc5 a4 60. Rc2 a3 61. Ra2 Ke7 62. Kd2 Ra4 63. Nc3 Ra5 64. Nb1 Rd5+ 65. Ke3 Rb5 66. Nxa3 Ra5 67. Ra1 Ra7 68. Nc2 Rc7 69. Nd4 Rc3+ 70. Ke4 Rc4 71. Ra7+ Kd6 72. Ra6+ Ke7 73. Kd5 Rc1 74. Nf5+ Kf7 75. Ke5 Re1+ 76. Kd5 Rc1 77. Nd4 Kg7 78. Ke5 Rf1 79. Nf3 Kf7 80. Kf5 Ke7 81. Kg5 Kd8 82. h4 Kc7 83. Re6 Kd8 84. h5 Kd7 85. h6 Rxf3 86. Bxf3 Kxe6 87. Kg6 Ke7 88. Kg7 Ke6 89. h7 Kf5 90. h8=Q Kf4 91. Qh5 Ke3 92. Ba8 Kf2 93. Qh3 Ke1 94. Qg2 Kd1 95. Kf6 Kc1 96. Ke5 Kd1 97. Kd4 Kc1 98. Kc3 Kb1 99. Qb2# 1-0


[Site "https://www.chess.com"]